Map: Sequencer LE

Players

Serral - Winner!

  • Race: Zerg Zerg
  • League: Master
  • Spawn Location: 7:00

LiquidSnute (Snute)

  • Race: Zerg Zerg
  • League: Master
  • Spawn Location: 1:00

Event: HomeStory Cup XV

VOD

Have the link to the VOD?

Description

Time

  • Played on: July 22, 2017, 10:34 a.m.
  • Length: 5:55

All games in this series

Show
View Real Time Build Order
Export as new Build Order

Serral Zerg - Winner!

Build Orders: Hatch First 

Get SALT Encoding   

  12  0:01  Drone  
  13  0:13  Overlord  
  13  0:17  Drone  
  14  0:31  Drone x2  
  14  0:35  Drone  
  17  0:52  Hatchery  
  17  0:55  Drone  
  17  1:09  Spawning Pool  
  17  1:11  Drone  
  17  1:14  Drone  
  18  1:35  Hatchery  
  18  1:38  Drone  
  18  1:41  Drone  
  18  1:44  Drone  
  18  1:46  Extractor  
  19  1:52  Drone  
  20  1:58  Queen  
  22  2:07  Queen  
  24  2:11  Zergling x2  
  25  2:16  Overlord  
  25  2:20  Drone  
  26  2:24  Evolution Chamber  
  26  2:27  Drone  
  26  2:30  Drone  
  27  2:41  Queen  
  27  2:44  Drone  
  30  2:50  Zerg Melee Weapons Level 1  
  30  2:52  Drone  
  30  2:54  Drone  
  32  2:59  Drone  
  32  3:03  Overlord  
  33  3:06  Drone  
  33  3:09  Drone  
  33  3:11  Drone  
  36  3:13  Drone  
  36  3:17  Drone  
  38  3:24  Metabolic Boost  
  37  3:30  Evolution Chamber  
  37  3:31  Roach Warren  
  37  3:34  Drone  
  36  3:37  Overlord  
  36  3:41  Zergling x4  
  37  3:45  Zergling x4  
  37  3:48  Zergling x4  
  42  3:52  Zergling x4  
  44  3:57  Zergling x6  
  44  4:00  Zergling x2  
  44  4:01  Zergling x2  
  49  4:05  Overlord  
  49  4:08  Zergling x4  
  51  4:12  Zergling x4  
  51  4:15  Zergling x4  
  55  4:19  Overlord  
  55  4:22  Zergling x4  
  57  4:25  Zergling x2  
  57  4:26  Zergling x2  
  57  4:29  Zergling x2  
  57  4:30  Zergling x2  
  57  4:31  Zergling x2  
  62  4:35  Zergling x4  
  62  4:36  Zergling x2  
  65  4:39  Zergling x2  
  65  4:43  Overlord  
  65  4:45  Zergling x4  
  68  4:46  Zergling x2  
  69  4:53  Zergling x8  
  73  5:02  Zergling x10  
  77  5:11  Zergling x2  
  77  5:12  Zergling x8  
  80  5:21  Zergling x6  
  77  5:31  Zergling x8  
  77  5:34  Zergling x2  
Show
View Real Time Build Order
Export as new Build Order

LiquidSnute Zerg 

Build Orders: Hatch First 

Get SALT Encoding   

  12  0:00  Drone  
  13  0:12  Overlord  
  13  0:17  Drone  
  14  0:30  Drone x2  
  14  0:34  Drone  
  17  0:51  Hatchery  
  17  0:54  Drone  
  17  0:58  Drone  
  17  1:00  Extractor  
  17  1:13  Spawning Pool  
  17  1:17  Drone  
  17  1:20  Drone  
  18  1:27  Drone  
  19  1:38  Overlord  
  19  1:49  Drone  
  20  1:59  Queen  
  20  2:00  Metabolic Boost  
  22  2:02  Queen  
  22  2:05  Drone  
  25  2:08  Drone  
  25  2:11  Drone  
  25  2:14  Drone  
  28  2:21  Drone  
  29  2:25  Drone  
  30  2:32  Drone  
  30  2:35  Drone  
  32  2:44  Hatchery  
  32  2:45  Overlord  
  32  2:50  Queen  
  33  2:53  Drone  
  33  2:56  Drone  
  33  2:57  Drone  
  36  3:04  Zergling x2  
  37  3:08  Zergling x2  
  37  3:09  Drone x3  
  37  3:12  Drone x2  
  43  3:13  Drone  
  43  3:17  Overlord  
  44  3:27  Lair  
  44  3:29  Overlord  
  44  3:30  Extractor  
  44  3:31  Extractor, Drone  
  44  3:32  Drone  
  44  3:39  Drone x3  
  44  3:40  Drone  
  48  3:42  Overlord  
  48  3:51  Drone  
  48  3:52  Extractor  
  48  3:54  Drone  
  49  3:59  Drone x4  
  49  4:02  Drone  
  54  4:11  Drone x2  
  54  4:12  Evolution Chamber, Drone x2  
  54  4:15  Drone x2  
  59  4:18  Drone  
  59  4:20  Drone  
  61  4:25  Spire  
  61  4:26  Roach Warren  
  61  4:28  Drone x2  
  61  4:30  Drone  
  62  4:31  Drone  
  62  4:33  Drone  
  62  4:35  Drone  
  62  4:37  Drone x2  
  67  4:43  Drone  
  67  4:44  Drone  
  68  4:54  Baneling Nest  
  68  4:55  Zergling x10  
  72  5:00  Evolution Chamber  
  72  5:02  Evolution Chamber  
  72  5:05  Zergling x8  
  69  5:08  Roach  
  69  5:11  Overlord  
  66  5:14  Evolution Chamber  
  66  5:17  Spore Crawler  
  66  5:19  Spore Crawler  
  53  5:29  Zergling x10, Overlord  
  53  5:32  Zergling x2  
  53  5:33  Zergling x4  
Tags
 
Add a new tag
Caveats
  • Supply blocks, unpowered buildings, or Contaminate may cause inaccurate times.
  • Supply counts are checked every 10 seconds.